Map: King's Cove LE

Players

PtitDrogo

  • Race: Protoss Protoss
  • Spawn Location: 5:00

Bly - Winner!

  • Race: Zerg Zerg
  • Spawn Location: 11:00

Event: IEM Season 13: Katowice (2019)

VOD

Have the link to the VOD?

Description

Time

  • Played on: Feb. 25, 2019, 9:20 a.m.
  • Length: 14:54

All games in this series

Show
View Real Time Build Order
Export as new Build Order

PtitDrogo Protoss 

Build Orders: Zealot Archon 

Get SALT Encoding   

  12  0:00  Probe  
  13  0:13  Probe  
  14  0:19  Pylon  
  14  0:25  Probe  
  15  0:33  Probe  
  15  0:38  Gateway  
  15  0:41  Probe  
  16  0:48  Assimilator  
  17  0:51  Probe  
  18  1:06  Probe  
  19  1:16  Zealot, Pylon  
  19  1:18  Probe  
  22  1:31  Cybernetics Core  
  22  1:33  Probe  
  23  1:46  Probe  
  24  2:09  Nexus  
  24  2:15  Assimilator  
  24  2:17  Probe  
  25  2:23  Adept  
  25  2:28  Pylon  
  27  2:38  Probe  
  27  2:43  Warp Gate  
  28  2:50  Probe  
  29  2:55  Stalker  
  31  3:02  Probe  
  32  3:07  Pylon  
  32  3:20  Gateway  
  32  3:21  Probe  
  32  3:22  Probe  
  34  3:29  Stargate  
  34  3:31  Probe x2  
  36  3:41  Stalker  
  36  3:43  Probe  
  36  3:47  Probe  
  39  3:55  Probe, Shield Battery  
  40  3:59  Probe  
  42  4:03  Oracle  
  42  4:04  Pylon  
  42  4:07  Probe  
  46  4:17  Probe  
  46  4:20  Robotics Facility  
  46  4:21  Probe  
  46  4:24  Assimilator  
  48  4:26  Assimilator  
  48  4:29  Probe  
  49  4:34  Probe  
  49  4:36  Twilight Council  
  46  4:53  Probe x2  
  45  5:03  Gateway x2, Stalker  
  45  5:04  Observer  
  45  5:06  Probe  
  47  5:10  Probe  
  46  5:16  Stalker  
  46  5:18  Probe  
  46  5:23  Probe  
  46  5:30  Probe  
  45  5:41  Probe  
  44  5:47  Templar Archives  
  44  5:48  Probe  
  43  5:54  Probe  
  43  5:56  Warp Prism  
  44  6:01  Probe  
  45  6:08  Probe  
  45  6:11  Probe  
  48  6:16  Probe  
  49  6:19  Probe  
  49  6:24  Probe  
  51  6:28  Probe  
  51  6:41  Probe x2  
  51  6:42  Pylon  
  53  6:50  Observer  
  56  6:56  High Templar x2  
  56  6:57  Probe, High Templar x2  
  56  7:00  Archon x2  
  63  7:03  Probe  
  63  7:07  Probe, Nexus  
  64  7:15  Probe  
  65  7:33  Immortal  
  65  7:37  Probe  
  70  7:46  Pylon  
  70  7:51  Forge  
  70  7:52  Gateway x2  
  70  7:53  Gateway  
  70  8:04  Probe x2  
  72  8:06  Protoss Ground Weapons Level 1  
  72  8:10  Immortal  
  72  8:12  Sentry x2  
  76  8:16  Probe x2  
  82  8:20  Probe  
  83  8:28  Probe x2  
  83  8:30  Sentry x2  
  83  8:32  Probe  
  90  8:40  Probe x2  
  92  8:49  Zealot  
  92  8:51  Probe  
  92  8:54  Probe  
  93  8:58  Probe  
  92  9:03  Probe  
  86  9:10  Zealot x3  
  92  9:20  Pylon  
  92  9:21  Pylon  
  92  9:23  Pylon  
  90  9:30  Immortal  
  80  9:38  Probe  
  80  9:44  Void Ray  
  88  9:54  Sentry x3  
  88  9:55  Zealot x2  
  88  9:57  Pylon  
  88  9:58  Pylon, Protoss Ground Weapons Level 2  
  88  9:59  Nexus  
  98  10:10  Pylon  
  98  10:11  Pylon  
  98  10:20  High Templar x4  
  106  10:21  Zealot x2  
  106  10:23  Pylon  
  106  10:26  Archon x2  
  110  10:39  Zealot  
  110  10:40  Probe x2  
  110  10:41  Pylon  
  114  10:52  Immortal, Zealot x2, High Templar x2  
  114  10:53  Zealot x2  
  125  10:57  Archon  
  125  10:58  Probe  
  130  11:08  Zealot  
  132  11:17  Probe x2  
  134  11:25  Charge  
  134  11:26  Zealot x3  
  134  11:27  Zealot  
  134  11:31  Immortal  
  140  11:45  Zealot x2  
  147  11:52  Zealot x2  
  118  12:02  Zealot x3  
  118  12:08  Probe  
  106  12:09  Zealot  
  106  12:12  Probe  
  106  12:14  Probe  
  106  12:15  Zealot  
  98  12:20  Zealot, Probe  
  96  12:24  Zealot  
  96  12:29  Probe  
  97  12:33  High Templar x3  
  97  12:35  High Templar  
  100  12:38  Archon  
  100  12:39  Archon  
  100  12:44  High Templar x2  
  100  12:45  Zealot  
  100  12:48  Archon  
  106  13:07  Zealot  
  106  13:09  High Templar  
  106  13:10  Zealot x2, High Templar  
  112  13:13  Archon  
  112  13:19  Zealot x2  
  116  13:28  Phoenix  
  116  13:31  Zealot x3  
  111  13:48  Stalker  
  111  13:49  Stalker x2, Phoenix  
  101  14:00  Zealot  
  62  14:19  Stalker x3  
  65  14:27  Probe  
Show
View Real Time Build Order
Export as new Build Order

Bly Zerg - Winner!

Build Orders: Hatch First 

Get SALT Encoding   

  12  0:01  Drone  
  13  0:12  Overlord  
  13  0:18  Drone  
  14  0:31  Drone x2  
  16  0:46  Drone  
  17  0:58  Hatchery  
  16  1:22  Spawning Pool  
  16  1:23  Drone x2  
  17  1:28  Extractor  
  17  1:32  Drone  
  17  1:46  Hatchery  
  16  1:51  Evolution Chamber  
  16  1:52  Drone x2  
  19  2:11  Queen  
  19  2:13  Zergling x2  
  22  2:16  Overlord  
  22  2:27  Hatchery  
  22  2:28  Zergling x2  
  22  2:38  Roach Warren  
  21  2:48  Drone  
  21  2:49  Drone  
  23  2:59  Burrow  
  23  3:10  Overlord  
  23  3:20  Roach x3  
  23  3:23  Roach  
  31  3:29  Roach  
  33  3:39  Roach x2  
  37  3:49  Hatchery  
  37  3:52  Drone  
  37  3:53  Drone x2  
  39  3:59  Drone x2  
  41  4:06  Overlord  
  41  4:12  Overlord  
  41  4:14  Queen  
  43  4:27  Hatchery  
  43  4:30  Roach  
  42  4:32  Drone  
  42  4:33  Drone  
  42  4:36  Overlord  
  44  4:44  Roach x3  
  41  4:55  Roach x2  
  41  4:59  Drone x3  
  44  5:01  Drone x4  
  44  5:04  Roach x3  
  48  5:09  Roach  
  48  5:11  Roach x2  
  48  5:14  Roach x3  
  48  5:16  Drone x2  
  50  5:24  Ravager  
  50  5:30  Drone x2  
  44  5:46  Metabolic Boost, Drone x2  
  44  5:48  Spore Crawler x2  
  40  5:50  Drone x4  
  44  5:57  Queen  
  44  6:02  Lair  
  46  6:05  Roach x7, Queen  
  46  6:10  Spore Crawler  
  61  6:17  Extractor  
  60  6:24  Overlord x2  
  60  6:27  Zergling x12  
  60  6:30  Overlord  
  62  6:46  Queen  
  64  6:47  Drone x3  
  64  6:52  Drone x3  
  70  6:56  Extractor  
  70  6:58  Drone x8  
  70  6:59  Glial Reconstitution  
  77  7:01  Extractor  
  77  7:02  Overseer  
  77  7:07  Overlord  
  76  7:15  Drone x3  
  78  7:16  Drone x4  
  77  7:38  Roach x7  
  77  7:43  Overlord  
  91  7:50  Overlord x3, Nydus Network  
  90  7:57  Overseer  
  89  8:03  Roach x4  
  97  8:07  Overlord  
  97  8:09  Overlord  
  97  8:16  Roach  
  97  8:17  Roach x5  
  109  8:21  Overlord  
  109  8:25  Roach x4  
  117  8:28  Nydus Canal  
  119  8:41  Roach x5  
  119  8:44  Nydus Canal  
  125  9:01  Roach  
  111  9:08  Roach x7  
  123  9:13  Drone x3  
  123  9:16  Extractor  
  125  9:17  Hatchery  
  125  9:20  Nydus Canal  
  122  9:31  Roach x3  
  122  9:32  Roach x2  
  122  9:35  Overlord  
  122  9:37  Overseer  
  132  9:44  Drone x2  
  132  9:45  Drone  
  135  9:46  Extractor  
  134  9:58  Overlord  
  134  10:11  Roach x6  
  134  10:13  Overlord x3  
  146  10:16  Overlord x2  
  146  10:18  Hatchery  
  146  10:19  Overseer  
  145  10:22  Nydus Canal  
  145  10:25  Overseer  
  145  10:29  Ravager x2  
  145  10:30  Ravager x3  
  145  10:31  Ravager x3  
  145  10:32  Zergling x16  
  145  10:33  Zergling x6  
  164  10:38  Roach  
  162  11:07  Nydus Canal  
  162  11:16  Roach x13  
  162  11:17  Roach x6  
  189  11:21  Spire  
  189  11:24  Tunneling Claws  
  188  11:33  Overlord  
  184  11:40  Roach x9  
  182  11:51  Roach x9  
  178  11:57  Roach x8  
  167  12:05  Roach x11  
  167  12:06  Roach x4  
  188  12:11  Roach x3  
  170  12:38  Mutalisk x7  
  170  12:40  Roach  
  170  12:41  Drone x2  
  170  12:42  Drone x7  
  189  12:56  Overlord  
  189  12:58  Roach x4  
  197  13:00  Hatchery  
  197  13:02  Roach  
  197  13:04  Extractor  
  195  13:06  Extractor  
  188  13:14  Mutalisk x2  
  188  13:15  Roach, Mutalisk x2  
  198  13:25  Overlord  
  198  13:26  Ravager  
  200  13:27  Ravager  
  193  13:48  Roach  
  193  13:49  Roach x2  
  144  14:03  Roach x18  
  145  14:18  Roach x5  
  144  14:29  Roach x3  
  136  14:33  Roach x2  

Tags
 
Add a new tag
Caveats
  • Supply blocks, unpowered buildings, or Contaminate may cause inaccurate times.
  • Supply counts are checked every 10 seconds.